TOP OF THE 1ST |
San Bernardino Grasshoppers batting - Pitching for Virginia Beach Deuces : RHP Miguel Álvarez
|
Pitching: RHP Miguel Álvarez
|
|
Batting: RHB Ronald Comejo
|
0-0: Called Strike 0-1: Foul Ball, location: 2F 0-2: Foul Ball, location: 2F 0-2: Ball 1-2: Strikes out swinging wild pitch, reaches first!
|
Batting: RHB Griffin Woodfinlevine
|
0-0: Ball 1-0: Called Strike 1-1: Ball 2-1: Foul Ball, location: 2F 2-2: Strikes out swinging
|
Batting: RHB Claudio Tappen
|
0-0: Ball 1-0: Ball 2-0: Called Strike 2-1: SINGLE (Popup, 3D) Ronald Comejo to second Runner from 2nd tries for 3rd, SAFE, no throw
|
Batting: LHB William O'Keefe
|
0-0: Ball 1-0: Ball 2-0: Ball 3-0: Called Strike 3-1: Called Strike 3-2: Strikes out swinging
|
Batting: RHB Cisco Feijoo
|
0-0: SINGLE (Line Drive, 4D) Ronald Comejo scores Claudio Tappen to second Runner from 2nd tries for 3rd, SAFE, no throw
|
Batting: LHB Natale Langushi
|
0-0: Called Strike 0-1: Ball 1-1: SINGLE (Groundball, 6D) Claudio Tappen scores Cisco Feijoo to second
|
Batting: RHB Kelly Harris
|
0-0: Ball 1-0: Foul Ball, location: 2F 1-1: Swinging Strike 1-2: Strikes out looking
|
Top of the 1st over - 2 runs, 3 hits, 0 errors, 2 left on base; San Bernardino 2 - Virginia Beach 0 |
BOTTOM OF THE 1ST |
Virginia Beach Deuces batting - Pitching for San Bernardino Grasshoppers : RHP Behar Jusufi
|
Pitching: RHP Behar Jusufi
|
|
Batting: RHB Tevin McTevin
|
0-0: Called Strike 0-1: Ball 1-1: Ball 2-1: Bunt for hit - play at first, batter OUT! 3-4
|
Batting: RHB Cam MacIntosh
|
0-0: Ball 1-0: Ball 2-0: Called Strike 2-1: Ball 3-1: Base on Balls
|
Batting: RHB Andrew Crosby
|
0-0: Called Strike 0-1: Ball 1-1: Ball 2-1: Grounds into double play, 5-4-3 (Groundball, 56)
|
Bottom of the 1st over - 0 runs, 0 hits, 0 errors, 0 left on base; San Bernardino 2 - Virginia Beach 0 |
TOP OF THE 2ND |
San Bernardino Grasshoppers batting - Pitching for Virginia Beach Deuces : RHP Miguel Álvarez
|
Batting: RHB Roberto Ramírez
|
0-0: Foul Ball, location: 2F 0-1: Swinging Strike 0-2: Ball 1-2: Strikes out looking
|
Batting: RHB Felix Plugge
|
0-0: Foul Ball, location: 2F 0-1: Swinging Strike 0-2: Ball 1-2: Ball 2-2: Foul Ball, location: 2F 2-2: Strikes out swinging
|
Batting: RHB Ronald Comejo
|
0-0: Ball 1-0: Foul Ball, location: 2F 1-1: Ball 2-1: Foul Ball, location: 2F 2-2: Foul Ball, location: 2F 2-2: Strikes out swinging
|
Top of the 2nd over - 0 runs, 0 hits, 0 errors, 0 left on base; San Bernardino 2 - Virginia Beach 0 |
BOTTOM OF THE 2ND |
Virginia Beach Deuces batting - Pitching for San Bernardino Grasshoppers : RHP Behar Jusufi
|
Batting: LHB Atílio Mansilhas
|
0-0: Called Strike 0-1: Ground out 5-3 (Groundball, 56)
|
Batting: LHB Ramón Castro
|
0-0: Called Strike 0-1: Foul Ball, location: 2F 0-2: Ground out U3 (Groundball, 3)
|
Batting: RHB James Hill
|
0-0: Ball 1-0: Called Strike 1-1: Swinging Strike 1-2: Ball 2-2: Ball 3-2: Foul Ball, location: 2F 3-2: Base on Balls
|
Batting: RHB Juan González
|
0-0: Ball 1-0: SINGLE (Line Drive, 56D) James Hill to second
|
Batting: LHB Jaime Aguilar
|
0-0: Ball 1-0: Called Strike 1-1: Swinging Strike 1-2: Strikes out swinging
|
Bottom of the 2nd over - 0 runs, 1 hit, 0 errors, 2 left on base; San Bernardino 2 - Virginia Beach 0 |
TOP OF THE 3RD |
San Bernardino Grasshoppers batting - Pitching for Virginia Beach Deuces : RHP Miguel Álvarez
|
Batting: RHB Griffin Woodfinlevine
|
0-0: Ball 1-0: Called Strike 1-1: Ball 2-1: Ball 3-1: Base on Balls
|
Batting: RHB Claudio Tappen
|
0-0: Ball 1-0: Foul Ball, location: 2F 1-1: Called Strike 1-2: Ball 2-2: Foul Ball, location: 2F 2-2: 2-RUN HOME RUN (Flyball, 7D), Distance : 407 ft
|
Batting: LHB William O'Keefe
|
0-0: Ground out 4-3 (Groundball, 4)
|
Batting: RHB Cisco Feijoo
|
0-0: Ball 1-0: Ball 2-0: Ground out 6-3 (Groundball, 6)
|
Batting: LHB Natale Langushi
|
0-0: Foul Ball, location: 2F 0-1: Called Strike 0-2: Ball 1-2: Foul Ball, location: 2F 1-2: Fly out, F6 (Popup, 6S)
|
Top of the 3rd over - 2 runs, 1 hit, 0 errors, 0 left on base; San Bernardino 4 - Virginia Beach 0 |
BOTTOM OF THE 3RD |
Virginia Beach Deuces batting - Pitching for San Bernardino Grasshoppers : RHP Behar Jusufi
|
Batting: RHB Richard Sonntag
|
0-0: Swinging Strike 0-1: Swinging Strike 0-2: Ground out 6-3 (Groundball, 6)
|
Batting: RHB Tevin McTevin
|
0-0: Ball 1-0: Ball 2-0: Ball 3-0: Ground out 4-3 (Groundball, 4)
|
Batting: RHB Cam MacIntosh
|
0-0: Ball 1-0: Ball 2-0: Called Strike 2-1: Ground out 6-3 (Groundball, 6)
|
Bottom of the 3rd over - 0 runs, 0 hits, 0 errors, 0 left on base; San Bernardino 4 - Virginia Beach 0 |
TOP OF THE 4TH |
San Bernardino Grasshoppers batting - Pitching for Virginia Beach Deuces : RHP Miguel Álvarez
|
Batting: RHB Kelly Harris
|
0-0: Called Strike 0-1: Foul Ball, location: 2F 0-2: Foul Ball, location: 2F 0-2: Strikes out looking
|
Batting: RHB Roberto Ramírez
|
0-0: Ground out 6-3 (Groundball, 6)
|
Batting: RHB Felix Plugge
|
0-0: Called Strike 0-1: Called Strike 0-2: Strikes out swinging
|
Top of the 4th over - 0 runs, 0 hits, 0 errors, 0 left on base; San Bernardino 4 - Virginia Beach 0 |
BOTTOM OF THE 4TH |
Virginia Beach Deuces batting - Pitching for San Bernardino Grasshoppers : RHP Behar Jusufi
|
Batting: RHB Andrew Crosby
|
0-0: Ball 1-0: Foul Ball, location: 2F 1-1: Foul Ball, location: 2F 1-2: SINGLE (Groundball, 6MD)
|
Batting: LHB Atílio Mansilhas
|
0-0: Ball Andrew Crosby steals 2nd base 1-0: Ball 2-0: SINGLE (Groundball, 6MD) Andrew Crosby to third Runner from 3rd tries for Home, SAFE, no throw
|
Batting: LHB Ramón Castro
|
0-0: Ball Atílio Mansilhas steals 2nd base 1-0: SINGLE (Line Drive, 34) Atílio Mansilhas to third
|
Batting: RHB James Hill
|
0-0: Grounds into double play, 4-6-3 (Groundball, 4) Atílio Mansilhas scores
|
Batting: RHB Juan González
|
0-0: Ball 1-0: Ball 2-0: Ball 3-0: Base on Balls
|
Batting: LHB Jaime Aguilar
|
0-0: Called Strike 0-1: Ball 1-1: Foul Ball, location: 2F 1-2: Ball 2-2: Ball 3-2: Fly out, F7 (Flyball, 7S)
|
Bottom of the 4th over - 2 runs, 3 hits, 0 errors, 1 left on base; San Bernardino 4 - Virginia Beach 2 |
TOP OF THE 5TH |
San Bernardino Grasshoppers batting - Pitching for Virginia Beach Deuces : RHP Miguel Álvarez
|
Batting: RHB Ronald Comejo
|
0-0: SINGLE (Line Drive, 78S)
|
Batting: RHB Griffin Woodfinlevine
|
0-0: Ball 1-0: Bunted foul 1-1: Ball 2-1: Sac Bunt - play at first, batter OUT! 1-4 Ronald Comejo to second
|
Batting: RHB Claudio Tappen
|
0-0: Called Strike 0-1: Swinging Strike 0-2: Foul Ball, location: 2F 0-2: Strikes out swinging
|
Batting: LHB William O'Keefe
|
0-0: Ball 1-0: Fly out, F8 (Flyball, 8RM)
|
Top of the 5th over - 0 runs, 1 hit, 0 errors, 1 left on base; San Bernardino 4 - Virginia Beach 2 |
BOTTOM OF THE 5TH |
Virginia Beach Deuces batting - Pitching for San Bernardino Grasshoppers : RHP Behar Jusufi
|
Batting: RHB Richard Sonntag
|
0-0: Fly out, F4 (Popup, 34)
|
Batting: RHB Tevin McTevin
|
0-0: Ball 1-0: Foul Ball, location: 2F 1-1: Ball 2-1: Called Strike 2-2: SINGLE (Groundball, 56D)
|
Batting: RHB Cam MacIntosh
|
0-0: Foul Ball, location: 2F 0-1: Ball 1-1: Ball 2-1: Ball 3-1: Called Strike 3-2: Foul Ball, location: 2F 3-2: Foul Ball, location: 2F 3-2: Fly out, F7 (Flyball, 78M)
|
Batting: RHB Andrew Crosby
|
0-0: Ball 1-0: Ball 2-0: Foul Ball, location: 2F 2-1: Ball 3-1: Fly out, F7 (Line Drive, 7LM)
|
Bottom of the 5th over - 0 runs, 1 hit, 0 errors, 1 left on base; San Bernardino 4 - Virginia Beach 2 |
TOP OF THE 6TH |
San Bernardino Grasshoppers batting - Pitching for Virginia Beach Deuces : RHP Miguel Álvarez
|
Batting: RHB Cisco Feijoo
|
0-0: Called Strike 0-1: Ball 1-1: Ball 2-1: Foul Ball, location: 2F 2-2: Hit by Pitch
|
Batting: LHB Natale Langushi
|
0-0: Ball Cisco Feijoo steals 2nd base 1-0: Called Strike 1-1: Ball 2-1: Ball 3-1: Called Strike 3-2: Base on Balls
|
Batting: RHB Kelly Harris
|
0-0: Foul Ball, location: 2F 0-1: Ball 1-1: Sac Bunt - play at first, batter OUT! 1-3 Cisco Feijoo to third Natale Langushi to second
|
Batting: RHB Roberto Ramírez
|
0-0: Fly out, F8 (Flyball, 8LD) Runner from 3rd tags up, SCORES, no throw
|
Batting: RHB Felix Plugge
|
0-0: Swinging Strike 0-1: Called Strike 0-2: Ball 1-2: Foul Ball, location: 2F 1-2: Ball 2-2: Ground out 6-3 (Groundball, 6)
|
Top of the 6th over - 1 run, 0 hits, 0 errors, 1 left on base; San Bernardino 5 - Virginia Beach 2 |
BOTTOM OF THE 6TH |
Virginia Beach Deuces batting - Pitching for San Bernardino Grasshoppers : RHP Behar Jusufi
|
Batting: LHB Atílio Mansilhas
|
0-0: Ball 1-0: SOLO HOME RUN (Flyball, 9D), Distance : 384 ft
|
Batting: LHB Ramón Castro
|
0-0: Ball 1-0: Ball 2-0: SINGLE (Line Drive, 3D)
|
Batting: RHB James Hill
|
0-0: Ball 1-0: Grounds into double play, 6-4-3 (Groundball, 6)
|
Batting: RHB Juan González
|
0-0: Ball 1-0: Foul Ball, location: 2F 1-1: Ball 2-1: Ball 3-1: Called Strike 3-2: Foul Ball, location: 2F 3-2: Base on Balls
|
Pitching: RHP Jack Mason
|
|
Batting: LHB Jaime Aguilar
|
0-0: Called Strike 0-1: Swinging Strike 0-2: Foul Ball, location: 2F 0-2: Foul Ball, location: 2F 0-2: SINGLE (Groundball, 56D) Juan González to second
|
Batting: RHB Richard Sonntag
|
0-0: Called Strike 0-1: Fielders Choice at 2nd, 6-4 (Groundball, 6D)
|
Bottom of the 6th over - 1 run, 3 hits, 0 errors, 2 left on base; San Bernardino 5 - Virginia Beach 3 |
TOP OF THE 7TH |
San Bernardino Grasshoppers batting - Pitching for Virginia Beach Deuces : RHP Miguel Álvarez
|
Batting: RHB Ronald Comejo
|
0-0: Fly out, F9 (Flyball, 9LSF)
|
Batting: RHB Griffin Woodfinlevine
|
0-0: Hit by Pitch
|
Pitching: RHP Bartolo García
|
|
Batting: RHB Claudio Tappen
|
0-0: Called Strike 0-1: Ball 1-1: Swinging Strike 1-2: Strikes out swinging
|
Batting: LHB William O'Keefe
|
0-0: Called Strike 0-1: Ball 1-1: Called Strike 1-2: DOUBLE (Groundball, 3L) Griffin Woodfinlevine to third
|
Batting: RHB Cisco Feijoo
|
0-0: Called Strike 0-1: Hit by Pitch
|
Batting: LHB Natale Langushi
|
0-0: Fly out, F9 (Flyball, 9)
|
Top of the 7th over - 0 runs, 1 hit, 0 errors, 3 left on base; San Bernardino 5 - Virginia Beach 3 |
BOTTOM OF THE 7TH |
Virginia Beach Deuces batting - Pitching for San Bernardino Grasshoppers : RHP Jack Mason
|
Batting: RHB Tevin McTevin
|
0-0: Ball 1-0: Ball 2-0: Ball 3-0: Called Strike 3-1: Foul Ball, location: 2F 3-2: Base on Balls
|
Batting: RHB Cam MacIntosh
|
0-0: Fly out, F7 (Flyball, 7LMF)
|
Batting: RHB Andrew Crosby
|
0-0: Called Strike 0-1: SINGLE (Line Drive, 56) Tevin McTevin to second
|
Batting: LHB Atílio Mansilhas
|
0-0: Ball 1-0: Fly out, F8 (Flyball, 8RM)
|
Batting: LHB Ramón Castro
|
0-0: Ball 1-0: Ball 2-0: Called Strike 2-1: Foul Ball, location: 2F 2-2: SINGLE (Groundball, 6MD) Tevin McTevin to third Andrew Crosby to second Runner from 3rd tries for Home, SAFE, throw made at trailing runner, OUT at third!
|
Bottom of the 7th over - 1 run, 2 hits, 0 errors, 1 left on base; San Bernardino 5 - Virginia Beach 4 |
TOP OF THE 8TH |
San Bernardino Grasshoppers batting - Pitching for Virginia Beach Deuces : RHP Bartolo García
|
Batting: RHB Kelly Harris
|
0-0: Called Strike 0-1: Swinging Strike 0-2: Ball 1-2: Ball 2-2: Ball 3-2: Base on Balls
|
Batting: RHB Roberto Ramírez
|
0-0: Sac Bunt - play at first, batter OUT! 3-4 Kelly Harris to second
|
Batting: RHB Felix Plugge
|
0-0: Fly out, F5 (Popup, 5SF)
|
Pinch Hitting: LHB Ubbe van Antwerpen
|
0-0: Ground out 3-1 (Groundball, 34)
|
Top of the 8th over - 0 runs, 0 hits, 0 errors, 1 left on base; San Bernardino 5 - Virginia Beach 4 |
BOTTOM OF THE 8TH |
Virginia Beach Deuces batting - Pitching for San Bernardino Grasshoppers : RHP Jack Mason
|
Now at 2B: Roberto Córdova
|
|
Batting: RHB James Hill
|
0-0: Called Strike 0-1: Ground out 4-3 (Groundball, 34S)
|
Batting: RHB Juan González
|
0-0: Ball 1-0: Ball 2-0: Ball 3-0: Called Strike 3-1: Swinging Strike 3-2: Ground out 5-3 (Groundball, 56)
|
Batting: LHB Jaime Aguilar
|
0-0: Ball 1-0: Foul Ball, location: 2F 1-1: Ball 2-1: Ball 3-1: SOLO HOME RUN (Flyball, 89XD), Distance : 413 ft
|
Batting: RHB Richard Sonntag
|
0-0: Ball 1-0: Foul Ball, location: 2F 1-1: DOUBLE (Line Drive, 78D)
|
Pitching: LHP Alfredo Ruíz
|
|
Batting: RHB Tevin McTevin
|
0-0: Foul Ball, location: 2F 0-1: Ball 1-1: Called Strike 1-2: Fly out, F5 (Popup, 5SF)
|
Bottom of the 8th over - 1 run, 2 hits, 0 errors, 1 left on base; San Bernardino 5 - Virginia Beach 5 |
TOP OF THE 9TH |
San Bernardino Grasshoppers batting - Pitching for Virginia Beach Deuces : RHP Bartolo García
|
Pitching: RHP Olegário Pa
|
|
Batting: RHB Griffin Woodfinlevine
|
0-0: Called Strike 0-1: Ground out 6-3 (Groundball, 6S)
|
Batting: RHB Claudio Tappen
|
0-0: Ball 1-0: SINGLE (Groundball, 6MD)
|
Batting: LHB William O'Keefe
|
0-0: Ball 1-0: Called Strike 1-1: Ball 2-1: Called Strike 2-2: DOUBLE (Line Drive, 89D) Claudio Tappen to third
|
Batting: RHB Cisco Feijoo
|
0-0: Ground out 1-3 (Groundball, 13S)
|
Batting: LHB Natale Langushi
|
0-0: Ball 1-0: Foul Ball, location: 2F 1-1: Ball 2-1: Ball 3-1: Base on Balls
|
Batting: RHB Kelly Harris
|
0-0: Ball 1-0: Ball 2-0: Called Strike 2-1: Swinging Strike 2-2: Ball 3-2: Foul Ball, location: 2F 3-2: Foul Ball, location: 2F 3-2: TRIPLE (Flyball, 7LD) Claudio Tappen scores William O'Keefe scores Natale Langushi scores
|
Pitching: RHP Alberto Robles
|
|
Batting: RHB Roberto Ramírez
|
0-0: Ball 1-0: Fly out, F6 (Line Drive, 6)
|
Top of the 9th over - 3 runs, 3 hits, 0 errors, 1 left on base; San Bernardino 8 - Virginia Beach 5 |
BOTTOM OF THE 9TH |
Virginia Beach Deuces batting - Pitching for San Bernardino Grasshoppers : LHP Alfredo Ruíz
|
Pitching: RHP Austin Aries
|
|
Batting: RHB Cam MacIntosh
|
0-0: Fly out, F9 (Flyball, 9LM)
|
Batting: RHB Andrew Crosby
|
0-0: Swinging Strike 0-1: Fly out, F4 (Popup, 4)
|
Batting: LHB Atílio Mansilhas
|
0-0: Foul Ball, location: 2F 0-1: Ground out 5-3 (Groundball, 56)
|
Bottom of the 9th over - 0 runs, 0 hits, 0 errors, 0 left on base; San Bernardino 8 - Virginia Beach 5 |
|